 Dungeon Sprint DCSS version 0.21.1-1-g345015f (webtiles) character file.

2126 Fang the Severer (level 9, -5/141 HPs)
             Began as a Minotaur Berserker on May 29, 2018.
             Was the Champion of Trog.
             Slain by a blink frog (8 damage)
             ... in the Dungeon (Sprint IX: "|||||||||||||||||||||||||||||").
             The game lasted 00:01:23 (631 turns).

Fang the Severer (Minotaur Berserker)                Turns: 631, Time: 00:01:24

Health: -5/141     AC:  4    Str: 30    XL:     9   Next: 8%
Magic:  8/8        EV: 17    Int:  4    God:    Trog [******]
Gold:   0          SH:  0    Dex: 10    Spells: 8/8 levels left

rFire    . . .     SeeInvis .   n - +1 broad axe (freeze)
rCold    . . .     Gourm    .   (no shield)
rNeg     . . .     Faith    .   b - +0 animal skin
rPois    .         Spirit   .   (helmet restricted)
rElec    .         Reflect  .   (no cloak)
rCorr    .         Harm     .   (no gloves)
MR       .....     NoTele   +   (no boots)
Stlth    ..........             (no amulet)
HPRegen  0.33/turn              o - +2 ring of protection
MPRegen  0.11/turn              p - +2 ring of evasion

@: berserking (expiring), lethally poisoned (-5 -> -9), very quick
A: retaliatory headbutt, horns 2
a: Berserk, Trog's Hand, Brothers in Arms, Burn Spellbooks, Renounce Religion


You were in the Dungeon.
You worshipped Trog.
Trog was exalted by your worship.
You were hungry.

You visited 1 branch

Inventory:

Hand Weapons
 a - a +0 hand axe
 n - a +1 broad axe of freezing (weapon)
Armour
 b - a +0 animal skin (worn)
Jewellery
 o - a +2 ring of protection (left hand)
 p - a +2 ring of evasion (right hand)
Wands
 m - a wand of acid (10)
 r - a wand of random effects (19)
Scrolls
 i - 3 scrolls of blinking
 l - 4 scrolls of remove curse
 s - 2 scrolls of identify
 t - 2 scrolls of enchant armour
Potions
 d - 5 potions of curing
 e - 5 potions of heal wounds
 f - a potion of haste
 g - 4 potions of magic
 h - 3 potions of berserk rage
 j - 2 potions of might
 k - a potion of invisibility
 q - a potion of mutation
Comestibles
 c - 2 rations


   Skills:
 + Level 13.7 Fighting
 + Level 16.5 Axes
 + Level 5.7 Armour
 + Level 8.3 Dodging
 + Level 2.3 Stealth


You had 8 spell levels left.
You didn't know any spells.

Dungeon Overview and Level Annotations

Branches:
Dungeon (1/1)

Altars:
Cheibriados
Dithmenos
Elyvilon
Fedhas
Gozag
Hepliaklqana
Kikubaaqudgha
Makhleb
Nemelex Xobeh
Okawaru
Qazlal
Ru
Sif Muna
Trog
Uskayaw
Vehumet
Wu Jian
Xom
Yredelemnul
Zin
The Shining One
Beogh
Jiyva
Lugonu


Innate Abilities, Weirdness & Mutations

You reflexively headbutt those who attack you in melee.
You have a pair of horns on your head.


Message History

You see here a spiny frog corpse.
Unknown command.
You slice the water moccasin!!
The water moccasin seems to slow down.
You freeze the water moccasin!
You kill the water moccasin!
Trog accepts your kill.
You have reached level 9!
Your experience leads to an increase in your attributes!
Your base attributes are Str 24, Int 4, Dex 10.
Increase (S)trength, (I)ntelligence, or (D)exterity?
You feel stronger.
* * * LOW HITPOINT WARNING * * *
You feel sick.
You slice the crocodile!! You freeze the crocodile!
You kill the crocodile!
Trog accepts your kill.
Unknown command.
* * * LOW HITPOINT WARNING * * *
You feel sick. The blink frog hits you!
You die...

▓▓▓▓▓▓▓▓▓▓▓▓▓▓▓▓▓▓▓▓▓▓▓▓
'.......(.....)†@FF.h...
▓▓▓▓▓▓▓▓▓▓▓▓▓▓▓▓▓▓▓▓▓▓▓▓▓▓▓▓▓▓▓▓▓
.................................
▓▓▓▓▓▓▓▓▓▓▓▓▓▓▓▓▓▓▓▓▓▓▓▓▓▓▓▓▓▓▓▓▓
...')....'_______________________
▓▓▓▓▓▓▓▓▓▓▓▓▓▓▓▓▓▓▓▓▓▓▓▓▓▓▓▓▓▓▓▓▓


You could see a polar bear, a blink frog and a bullfrog.

Vanquished Creatures
  A hydra (D)
  A spiny frog (D)
  A hippogriff (D)
  A yak (D)
  A vampire mosquito (D)
  2 water moccasins (D)
  A centaur (D)
  A crocodile (D)
  A bullfrog (D)
  A big kobold (D)
  A scorpion (D)
  2 wights (D)
  A howler monkey (D)
  An orc priest (D)
  A shadow imp (D)
  An adder zombie (D)
  A worm (D)
  A dart slug (D)
  A leopard gecko (D)
  An orc (D)
  2 bat skeletons (D)
  A goblin (D)
  A jackal (D)
  A bat (D)
  A frilled lizard (D)
28 creatures vanquished.

Notes
Turn   | Place    | Note
-------+----------+-------------------------------------------
     0 | D        | Fang the Minotaur Berserker began the quest for the Orb.
     0 | D        | Reached XP level 1. HP: 19/19 MP: 0/0
     6 | D        | Reached skill level 4 in Axes
    10 | D        | Reached ** piety under Trog
    52 | D        | Noticed a howler monkey
    52 | D        | Noticed an orc priest
    55 | D        | Reached XP level 2. HP: 23/28 MP: 1/1
    57 | D        | Killed a howler monkey
    57 | D        | Reached *** piety under Trog
    57 | D        | Reached skill level 6 in Axes
    57 | D        | Reached XP level 3. HP: 30/37 MP: 2/2
    60 | D        | Reached skill level 7 in Axes
    60 | D        | Reached XP level 4. HP: 37/45 MP: 3/3
   209 | D        | Found a roughly hewn altar of Beogh.
   209 | D        | Found a snail-covered altar of Cheibriados.
   209 | D        | Found a shadowy altar of Dithmenos.
   209 | D        | Found a white marble altar of Elyvilon.
   209 | D        | Found a blossoming altar of Fedhas.
   209 | D        | Found an opulent altar of Gozag.
   210 | D        | Found a hazy altar of Hepliaklqana.
   211 | D        | Found a viscous altar of Jiyva.
   212 | D        | Found an ancient bone altar of Kikubaaqudgha.
   213 | D        | Found a corrupted altar of Lugonu.
   214 | D        | Found a burning altar of Makhleb.
   215 | D        | Found a sparkling altar of Nemelex Xobeh.
   216 | D        | Found an iron altar of Okawaru.
   217 | D        | Found a stormy altar of Qazlal.
   218 | D        | Found a sacrificial altar of Ru.
   219 | D        | Found a deep blue altar of Sif Muna.
   220 | D        | Found a bloodstained altar of Trog.
   221 | D        | Found a hide-covered altar of Uskayaw.
   222 | D        | Found a radiant altar of Vehumet.
   223 | D        | Found an ornate altar of the Wu Jian Council.
   224 | D        | Found a shimmering altar of Xom.
   225 | D        | Found a basalt altar of Yredelemnul.
   226 | D        | Found a glowing silver altar of Zin.
   227 | D        | Found a glowing golden altar of the Shining One.
   257 | D        | Noticed a big kobold
   257 | D        | Noticed a yak
   260 | D        | Killed a big kobold
   260 | D        | Reached **** piety under Trog
   260 | D        | Reached skill level 9 in Axes
   260 | D        | Reached XP level 5. HP: 53/53 MP: 4/4
   263 | D        | Reached skill level 5 in Dodging
   265 | D        | Reached skill level 10 in Axes
   267 | D        | Killed a yak
   267 | D        | Reached skill level 10 in Fighting
   267 | D        | Reached skill level 11 in Axes
   267 | D        | Reached skill level 5 in Armour
   267 | D        | Reached XP level 6. HP: 67/67 MP: 5/5
   269 | D        | Reached ***** piety under Trog
   325 | D        | Noticed a vampire mosquito
   328 | D        | Reached skill level 12 in Axes
   330 | D        | Killed a vampire mosquito
   330 | D        | Reached XP level 7. HP: 74/74 MP: 6/6
   339 | D        | Reached skill level 13 in Axes
   608 | D        | Noticed a five-headed hydra
   608 | D        | Noticed a hippogriff
   608 | D        | Noticed a spiny frog
   618 | D        | Killed an 11-headed hydra
   618 | D        | Reached skill level 15 in Axes
   618 | D        | Reached skill level 1 in Stealth
   618 | D        | Reached XP level 8. HP: 25/85 MP: 7/7
   619 | D        | Noticed a blink frog
   623 | D        | Killed a hippogriff
   623 | D        | Reached ****** piety under Trog
   623 | D        | Received a gift from Trog
   625 | D        | Noticed a polar bear
   625 | D        | HP: 6/129 [poisoned by a spiny frog]
   627 | D        | Killed a spiny frog
   627 | D        | Reached skill level 16 in Axes
   629 | D        | Reached XP level 9. HP: 5/94 MP: 8/8
   631 | D        | HP: 3/141 [poisoned by a spiny frog]
   631 | D        | Slain by a blink frog

Skill      XL: |  1  2  3  4  5  6  7  8 |
---------------+-------------------------+-----
Fighting       | 4 6 8 10 11 12 13 | 13.7
Axes           | 4 6 7 9 11 12 15 16 | 16.5
Armour         | 3 4 5 |  5.7
Dodging        | 3 4 5 6 7 8 |  8.3
Stealth        | 1 2 |  2.3

Action                   |  1- 3 |  4- 6 |  7- 9 || total
-------------------------+-------+-------+-------++-------
Melee: Hand axe          |    15 |     6 |       ||    21
       Broad axe         |       |    14 |    26 ||    40
       Headbutt          |       |     3 |     4 ||     7
Invok: Berserk           |     1 |     2 |     1 ||     4
  Eat: Chunk             |       |       |     2 ||     2
Armor: Animal skin       |     2 |     2 |     1 ||     5
Dodge: Dodged            |     6 |    10 |    15 ||    31
